 Dungeon Crawl Stone Soup version 0.28.0-53-g5a82cb258f (webtiles) character file.

Game seed: 5901773029541028078

30 mortz the Conjurer (level 2, -5/20 HPs)
             Began as a Demigod Conjurer on May 26, 2022.
             Slain by a phantom (8 damage)
             ... on level 2 of the Dungeon.
             The game lasted 00:04:11 (1533 turns).

mortz the Conjurer (Demigod Conjurer)               Turns: 1533, Time: 00:04:11

Health: -5/20      AC:  2    Str:  8    XL:     2   Next: 84%
Magic:  0/7        EV: 12    Int: 20    God:
Gold:   70         SH:  0    Dex: 12    Spells: 2/5 levels left

rFire   . . .      SeeInvis .   b - +0 short sword {short}
rCold   . . .      Faith    .   (no shield)
rNeg    . . .      Spirit   .   a - +0 robe
rPois   .          Reflect  .   (no helmet)
rElec   .          Harm     .   (no cloak)
rCorr   .          Rampage  .   (no gloves)
Will    .....                   (no boots)
Stlth   ++........              (no amulet)
HPRegen 0.06/turn               (no ring)
MPRegen 0.10/turn               (no ring)

@: no status effects
A: high MP 1, forlorn, divine attributes
a: no special abilities


You were on level 2 of the Dungeon.
You visited 1 branch of the dungeon, and saw 2 of its levels.

You collected 70 gold pieces.


Innate Abilities, Weirdness & Mutations

You have an increased reservoir of magic. (+10% MP)
You shall have no god before yourself.
Your divine heritage dramatically boosts your attributes as you level up.


   Skills:
 + Level 1.8 Dodging
 + Level 1.8 Stealth
 + Level 2.0 Spellcasting
 + Level 4.4 Conjurations


You had 2 spell levels left.
You knew the following spells:

 Your Spells              Type           Power      Damage    Failure   Level
a - Magic Dart            Conj           76%        1d6       2%          1
b - Searing Ray           Conj           38%        2d5       4%          2

Your spell library contained the following spells:

 Spells                   Type           Power      Damage    Failure   Level
 Dazzling Flash           Conj/Hex       20%        N/A       19%         3
 Fulminant Prism          Conj/Hex       5%         3d7       54%         4
 Iskenderun's Mystic Bla  Conj/Tloc      10%        2d4       54%         4

Inventory:

Hand Weapons
 b - a +0 short sword (weapon) {short}
   (You found it on level 1 of the Dungeon)
Missiles
 d - 4 javelins {throwing}
 f - 7 atropa-tipped darts {throwing}
Armour
 a - a +0 robe (worn)
Scrolls
 e - a scroll of torment {unknown}
 g - a scroll of identify {unknown}
 i - 2 scrolls of teleportation {unknown}
Potions
 c - a potion of haste {unknown}
 h - a potion of heal wounds {unknown}
 j - 2 potions of flight {unknown}

Dungeon Overview and Level Annotations

Branches:
Dungeon (2/15)

## #.....# #.#....#
#####.....# ####...##
## #.........#
#......# .#
#.......#######<...#.#
.# #.......#
#.##.##.#.# .#
#.......# #.##.##....
.# #########
#.##.##..#.# .#
#####....# ... .# .#
#...@....# .#.# # .#
#.#W#.......#.. ##
#####.#.#..#.#.##
##### #..............#
....# #..ยงยง.....###
..<.# #.........##
....# ......#.###..#
....# ......#.. ..#
....# ..... #.#


You could see a phantom.


Message History

You lost 2 mp, and now have 3/7 mp.
The searing ray hits the ball python.
You kill the ball python! ๐Ÿ˜Ž MP[-1]
You lost 1 mp, and now have 2/7 mp.
There is a stone staircase leading up here.
A bat comes into view. ๐Ÿ˜Ž MP[+5]
Your mp is fully restored (7).
Aiming: Magic Dart (safe; 2% risk of failure)
Press: ? - help, Q - select action, (/) - cycle Shift-Dir - straight line, f - bat
Aim: a bat (asleep, 100% to hit)
The magic dart hits the bat. ๐Ÿ˜Ž MP[-1]
You lost 1 mp, and now have 6/7 mp.
Casting: Magic Dart (safe; 2% risk of failure)
Confirm with . or Enter, or press ? or * to list all spells.
Aiming: Searing Ray (safe; 4% risk of failure)
Press: ? - help, Shift-Dir - straight line, f/p - bat
Aim: a bat (severely wounded, 66% to hit)
The searing ray hits the bat!
You kill the bat! (Press . to maintain the ray.) ๐Ÿ˜Ž MP[-2]
You lost 2 mp, and now have 4/7 mp.
There is a stone staircase leading up here.
There is an open door here.
There is an escape hatch in the floor here.
Found a stone staircase leading up. ๐Ÿ˜Ž MP[+3]
Your mp is fully restored (7).
A phantom comes into view.
Aiming: Magic Dart (safe; 2% risk of failure)
Press: ? - help, Q - select action, (/) - cycle Shift-Dir - straight line, f - phantom
Aim: a phantom (100% to hit)
The magic dart hits the phantom. ๐Ÿ˜Ž MP[-1]
You lost 1 mp, and now have 6/7 mp.
Aiming: Magic Dart (safe; 2% risk of failure)
Press: ? - help, Q - select action, (/) - cycle Shift-Dir - straight line, f/p - phantom
Aim: a phantom (lightly damaged, 100% to hit)
The magic dart hits the phantom but does no damage. ๐Ÿ˜Ž MP[-1]
You lost 1 mp, and now have 5/7 mp.
Casting: Magic Dart (safe; 2% risk of failure)
Confirm with . or Enter, or press ? or * to list all spells.
Aiming: Searing Ray (safe; 4% risk of failure)
Press: ? - help, Shift-Dir - straight line, f/p - phantom
Aim: a phantom (lightly damaged, 69% to hit)
The searing ray hits the phantom. (Press . to maintain the ray.) ๐Ÿ˜Ž MP[-2]
You lost 2 mp, and now have 3/7 mp.
The searing ray hits the phantom! ๐Ÿ˜Ž MP[-1]
You lost 1 mp, and now have 2/7 mp.
The searing ray hits the phantom! ๐Ÿ˜Ž MP[-1]
You lost 1 mp, and now have 1/7 mp.
The searing ray hits the phantom.
You finish channelling your searing ray.
The phantom hits you! ๐Ÿ˜ฎ HP[-8] MP[-1]
You take 8 damage, and now have 12/20 hp.
MASSIVE DAMAGE!! (PAUSE)
You lost 1 mp, and now have 0/7 mp.
Casting: Searing Ray (safe; 4% risk of failure)
Confirm with . or Enter, or press ? or * to list all spells.
You don't have enough magic to cast this spell.
Unknown command.
The phantom barely misses you. ๐Ÿ˜ฎ MP[+1] ๐Ÿ˜ฎ HP[+1]
There is a stone staircase leading up here. ๐Ÿ˜ฎ MP[+1]
Casting: Searing Ray (safe; 4% risk of failure)
Confirm with . or Enter, or press ? or * to list all spells.
Aiming: Searing Ray (safe; 4% risk of failure)
Press: ? - help, Shift-Dir - straight line, f/p - phantom
Aim: a phantom (severely damaged, 69% to hit)
The searing ray hits the phantom. (Press . to maintain the ray.)
The phantom barely misses you. ๐Ÿ˜ฎ MP[-2]
You lost 2 mp, and now have 0/7 mp.
You barely miss the phantom. The phantom barely misses you.
You hit the phantom. The phantom hits you.
The phantom blinks!
You blink. ๐Ÿ˜ฎ HP[-1]
You take 1 damage, and now have 12/20 hp.
You hit the phantom but do no damage. The phantom closely misses you.
You completely miss the phantom. The phantom hits you!
* * * LOW HITPOINT WARNING * * *
The phantom blinks!
You blink. ๐Ÿ˜ฑ HP[-9]
You take 9 damage, and now have 3/20 hp.
MASSIVE DAMAGE!! (PAUSE)
You hit the phantom but do no damage. The phantom hits you!
You die...

Skill      XL: |  1  2 |
---------------+-------+-----
Conjurations   | 4 |  4.4
Spellcasting   | 2 |  2.0
Dodging        | |  1.8
Stealth        | |  1.8

Action                   || total
-------------------------++-------
Melee: Short sword       ||     8
 Cast: Magic Dart        ||    35
       Searing Ray       ||    12
Armor: Robe              ||     1
Dodge: Dodged            ||    11

Levels and vault maps discovered:
D:1:      lightli_arrival_farm, layout_basic,
          hellmonk_ecumenical_altar_heavens_door
D:2:      layout_basic

Notes
Turn   | Place    | Note
-------+----------+-------------------------------------------
     0 | D:1      | mortz the Demigod Conjurer began the quest for the Orb.
     0 | D:1      | Reached XP level 1. HP: 14/14 MP: 5/5
     0 | D:1      | magus.rc [v1.9.6]
   262 | D:1      | Reached skill level 4 in Conjurations
   323 | D:1      | Reached XP level 2. HP: 20/20 MP: 5/7
   326 | D:1      | Learned a level 2 spell: Searing Ray
  1123 | D:2      | Reached skill level 2 in Spellcasting
  1507 | D:2      | Noticed a phantom
  1532 | D:2      | HP: 3/20 [phantom (9)]
  1533 | D:2      | Slain by a phantom

Vanquished Creatures
  6 ball pythons
  4 bats
  3 endoplasms
  3 giant cockroaches
  2 goblins (D:1)
  2 hobgoblins (D:2)
  A kobold (D:2)
  3 frilled lizards
  3 rats (D:1)
27 creatures vanquished.

Table legend:
 A = Non-vault XP
 B = Vault XP
 C = Vault XP percentage of total XP
 D = Non-vault monster count
 E = Vault monster count
 F = Vault count percentage of total count
                 A         B        C        D         E       F
            +---------+---------+-------+---------+---------+-------
      Total |      43 |       0 |   0.0 |      27 |       0 |   0.0
            +---------+---------+-------+---------+---------+-------
        D:1 |      25 |       0 |   0.0 |      17 |       0 |   0.0
        D:2 |      18 |       0 |   0.0 |      10 |       0 |   0.0
            +---------+---------+-------+---------+---------+-------

Illustrated notes

Table legend:
 A = Kills in this place as a percentage of kills in entire the game.
 B = Kills by you in this place as a percentage of kills by you in the entire game.
 C = Kills by friends in this place as a percentage of kills by friends in the entire game.
 D = Other kills in this place as a percentage of other kills in the entire game.
 E = Experience gained in this place as a percentage of experience gained in the entire game.
 F = Experience gained in this place divided by the number of levels of this place that you have seen.
                   A       B       C       D       E      F
               +-------+-------+-------+-------+-------+----------------------
         Total | 100.0 | 100.0 |   N/A |   N/A | 100.0 |  21.5
       Dungeon | 100.0 | 100.0 |   N/A |   N/A | 100.0 |  21.5
               +-------+-------+-------+-------+-------+----------------------

Table legend: (Time is in decaauts)
 A = Elapsed time spent in this place.
 B = Non-inter-level travel time spent in this place.
 C = Inter-level travel time spent in this place.
 D = Time resting spent in this place.
 E = Time spent auto-exploring this place.
 F = Levels seen in this place.
 G = Mean time per level.
                   A        B        C        D        E       F      G
               +--------+--------+--------+--------+--------+-----+--------+
         Total |   1554 |   1516 |     38 |     68 |   1292 |   2 |  777.0 |
       Dungeon |   1554 |   1516 |     38 |     68 |   1292 |   2 |  777.0 |
               +--------+--------+--------+--------+--------+-----+--------+

Top non-repeatable levels by time:
     D:1: 981 daAuts
     D:2: 573 daAuts
